NCAA
IOWA STATE CYCLONES @ NORTH CAROLINA STATE WOLFPACK
05/24/2028
 
TOP OF THE 1ST
Iowa State Cyclones batting - Pitching for North Carolina State Wolfpack : RHP Edgardo Castillo
Pitching: RHP Edgardo Castillo
Batting: RHB Pedro Rivera 0-0: Ball
1-0: Ball
2-0: Ball
3-0: Called Strike
3-1: Fly out, F8 (Flyball, 8RS)
Batting: SHB Jim Graves 0-0: Called Strike
0-1: Ball
1-1: Ball
2-1: Called Strike
2-2: Ball
3-2: Foul Ball, location: 2F
3-2: Foul Ball, location: 2F
3-2: Foul Ball, location: 2F
3-2: Strikes out swinging
Batting: LHB Ángel Pérez 0-0: Ball
1-0: Ball
2-0: Ball
3-0: Base on Balls
Batting: SHB Ralph Marshall 0-0: Called Strike
0-1: Ball
1-1: Ball
2-1: 2-RUN HOME RUN (Flyball, 89XD), Distance : 376 ft
Batting: RHB Shane Marshall 0-0: Ball
1-0: Called Strike
1-1: Fly out, F9 (Line Drive, 9)
Top of the 1st over - 2 run(s), 1 hit(s), 0 error(s), 0 left on base; Iowa State 2 - North Carolina State 0
BOTTOM OF THE 1ST
North Carolina State Wolfpack batting - Pitching for Iowa State Cyclones : RHP Glen Davis
Pitching: RHP Glen Davis
Batting: LHB Steven Gregory 0-0: Ball
1-0: Fly out, F4 (Popup, 34D)
Batting: SHB Dave Williams 0-0: Called Strike
0-1: Ball
1-1: Ball
2-1: Ball
3-1: Fly out, F9 (Flyball, 89M)
Batting: LHB Aaron Atkins 0-0: SINGLE (Flyball, 6MD)
Batting: RHB Jonathon García 0-0: Ball
1-0: Ball
2-0: Foul Ball, location: 2F
2-1: Fly out, F7 (Flyball, 7)
Bottom of the 1st over - 0 run(s), 1 hit(s), 0 error(s), 1 left on base; Iowa State 2 - North Carolina State 0
TOP OF THE 2ND
Iowa State Cyclones batting - Pitching for North Carolina State Wolfpack : RHP Edgardo Castillo
Batting: LHB Mike O'Bryan 0-0: Ball
1-0: Swinging Strike
1-1: Called Strike
1-2: Fly out, F7 (Flyball, 7)
Batting: RHB Jim Hall 0-0: Ball
1-0: Ball
2-0: Ball
3-0: Base on Balls
Batting: RHB Russell Cook 0-0: SINGLE (Line Drive, 89S)
Jim Hall to second
Runner from 2nd tries for 3rd, SAFE, throw made to third
Russell Cook to second
Batting: RHB Paco Camacho 0-0: Foul Ball, location: 2F
0-1: Foul Ball, location: 2F
0-2: Ball
1-2: Foul Ball, location: 2F
1-2: Ground out 1-3 (Groundball, 15S)
Batting: RHB Pedro Rivera 0-0: Ball
1-0: Ground out 6-3 (Groundball, 6)
Top of the 2nd over - 0 run(s), 1 hit(s), 0 error(s), 2 left on base; Iowa State 2 - North Carolina State 0
BOTTOM OF THE 2ND
North Carolina State Wolfpack batting - Pitching for Iowa State Cyclones : RHP Glen Davis
Batting: LHB Shawn Joyce 0-0: Ball
1-0: Hit by Pitch
Batting: RHB Larry Glover 0-0: Ball
1-0: Called Strike
1-1: Grounds into double play, 6-4-3 (Groundball, 6)
Batting: RHB Brian Francis 0-0: Fly out, F3 (Popup, 3L)
Bottom of the 2nd over - 0 run(s), 0 hit(s), 0 error(s), 0 left on base; Iowa State 2 - North Carolina State 0
TOP OF THE 3RD
Iowa State Cyclones batting - Pitching for North Carolina State Wolfpack : RHP Edgardo Castillo
Batting: SHB Jim Graves 0-0: Ball
1-0: Foul Ball, location: 2F
1-1: Swinging Strike
1-2: Ball
2-2: Strikes out looking
Batting: LHB Ángel Pérez 0-0: Ball
1-0: Ball
2-0: Ball
3-0: Called Strike
3-1: Base on Balls
Batting: SHB Ralph Marshall 0-0: Called Strike
0-1: Foul Ball, location: 2F
0-2: Foul Ball, location: 2F
0-2: Foul Ball, location: 2F
0-2: Strikes out looking
Batting: RHB Shane Marshall 0-0: Foul Ball, location: 2F
0-1: Foul Ball, location: 2F
0-2: Ball
1-2: Foul Ball, location: 2F
1-2: Ball
2-2: Foul Ball, location: 2F
2-2: Fielders Choice at 2nd, 5-4 (Groundball, 5)
Top of the 3rd over - 0 run(s), 0 hit(s), 0 error(s), 0 left on base; Iowa State 2 - North Carolina State 0
BOTTOM OF THE 3RD
North Carolina State Wolfpack batting - Pitching for Iowa State Cyclones : RHP Glen Davis
Batting: LHB John Fuller 0-0: Fly out, F8 (Flyball, 8LD)
Batting: LHB Stan Miller 0-0: Ball
1-0: Ball
2-0: Foul Ball, location: 2F
2-1: Called Strike
2-2: Strikes out swinging
Batting: LHB Steven Gregory 0-0: Ball
1-0: Ball
2-0: Ball
3-0: Base on Balls
Batting: SHB Dave Williams 0-0: Ball
1-0: Swinging Strike
1-1: Fly out, F8 (Flyball, 8LD)
Bottom of the 3rd over - 0 run(s), 0 hit(s), 0 error(s), 1 left on base; Iowa State 2 - North Carolina State 0
TOP OF THE 4TH
Iowa State Cyclones batting - Pitching for North Carolina State Wolfpack : RHP Edgardo Castillo
Batting: LHB Mike O'Bryan 0-0: Called Strike
0-1: Called Strike
0-2: Ball
1-2: Ball
2-2: Hit by Pitch
Batting: RHB Jim Hall 0-0: Ball
1-0: Called Strike
1-1: Swinging Strike
1-2: Grounds into double play, 6-4-3 (Groundball, 6)
Batting: RHB Russell Cook 0-0: Called Strike
0-1: Foul Ball, location: 2F
0-2: Ball
1-2: Ground out 5-3 (Groundball, 56S)
Top of the 4th over - 0 run(s), 0 hit(s), 0 error(s), 0 left on base; Iowa State 2 - North Carolina State 0
BOTTOM OF THE 4TH
North Carolina State Wolfpack batting - Pitching for Iowa State Cyclones : RHP Glen Davis
Batting: LHB Aaron Atkins 0-0: Ball
1-0: Foul Ball, location: 2F
1-1: Ground out 5-3 (Groundball, 56)
Batting: RHB Jonathon García 0-0: Ball
1-0: SINGLE (Groundball, 3S) (infield hit)
Batting: LHB Shawn Joyce 0-0: SINGLE (Flyball, 3D)
Jonathon García to second
Runner from 2nd tries for 3rd, SAFE, throw made to third
Batting: RHB Larry Glover 0-0: Ball
1-0: Ball
2-0: Ball
3-0: Foul Ball, location: 2F
3-1: Foul Ball, location: 2F
3-2: Strikes out swinging
Batting: RHB Brian Francis 0-0: Ball
1-0: Called Strike
1-1: Foul Ball, location: 2F
1-2: Fly out, F8 (Flyball, 8RS)
Bottom of the 4th over - 0 run(s), 2 hit(s), 0 error(s), 2 left on base; Iowa State 2 - North Carolina State 0
TOP OF THE 5TH
Iowa State Cyclones batting - Pitching for North Carolina State Wolfpack : RHP Edgardo Castillo
Batting: RHB Paco Camacho 0-0: Ball
1-0: Ball
2-0: Foul Ball, location: 2F
2-1: Ball
3-1: Foul Ball, location: 2F
3-2: Strikes out swinging
Pitching: RHP Simon Fox
Batting: RHB Pedro Rivera 0-0: Ball
1-0: Ball
2-0: Ball
3-0: Base on Balls
Batting: SHB Jim Graves 0-0: Swinging Strike
0-1: Ball
1-1: Ball
2-1: Ball
Wild Pitch!
Pedro Rivera to second
3-1: Called Strike
3-2: SINGLE (Line Drive, 8RS)
Pedro Rivera to third
Runner from 3rd tries for Home, throw and OUT!
Jim Graves to second
Batting: LHB Ángel Pérez 0-0: Fly out, F6 (Popup, 6D)
Top of the 5th over - 0 run(s), 1 hit(s), 0 error(s), 1 left on base; Iowa State 2 - North Carolina State 0
BOTTOM OF THE 5TH
North Carolina State Wolfpack batting - Pitching for Iowa State Cyclones : RHP Glen Davis
Batting: LHB John Fuller 0-0: Ball
1-0: DOUBLE (Groundball, 3L)
Batting: LHB Stan Miller 0-0: Ball
1-0: Ball
2-0: Fly out, F6 (Popup, 6D)
Batting: LHB Steven Gregory 0-0: Foul Ball, location: 2F
0-1: Foul Ball, location: 2F
0-2: Ball
1-2: Ball
2-2: Ball
3-2: 2-RUN HOME RUN (Flyball, 9D), Distance : 355 ft
Batting: SHB Dave Williams 0-0: Called Strike
0-1: Ball
1-1: Swinging Strike
1-2: Strikes out swinging
Batting: LHB Aaron Atkins 0-0: Swinging Strike
0-1: Ball
1-1: Ball
2-1: Foul Ball, location: 2F
2-2: Strikes out swinging
Bottom of the 5th over - 2 run(s), 2 hit(s), 0 error(s), 0 left on base; Iowa State 2 - North Carolina State 2
TOP OF THE 6TH
Iowa State Cyclones batting - Pitching for North Carolina State Wolfpack : RHP Simon Fox
Batting: SHB Ralph Marshall 0-0: Fly out, F8 (Flyball, 8RM)
Batting: RHB Shane Marshall 0-0: Foul Ball, location: 2F
0-1: Foul Ball, location: 2F
0-2: Ball
1-2: Ball
2-2: Foul Ball, location: 2F
2-2: Foul Ball, location: 2F
2-2: Fly out, F8 (Flyball, 78M)
Batting: LHB Mike O'Bryan 0-0: Foul Ball, location: 2F
0-1: Foul Ball, location: 2F
0-2: Ball
1-2: Foul Ball, location: 2F
1-2: Foul Ball, location: 2F
1-2: Foul Ball, location: 2F
1-2: Strikes out swinging
Top of the 6th over - 0 run(s), 0 hit(s), 0 error(s), 0 left on base; Iowa State 2 - North Carolina State 2
BOTTOM OF THE 6TH
North Carolina State Wolfpack batting - Pitching for Iowa State Cyclones : RHP Glen Davis
Batting: RHB Jonathon García 0-0: Foul Ball, location: 2F
0-1: Ball
1-1: Ball
2-1: Ball
3-1: Foul Ball, location: 2F
3-2: Foul Ball, location: 2F
3-2: Base on Balls
Batting: LHB Shawn Joyce 0-0: Called Strike
0-1: Ball
1-1: Fly out, F4 (Popup, 34D)
Batting: RHB Larry Glover 0-0: Foul Ball, location: 2F
0-1: Ball
1-1: Swinging Strike
1-2: Foul Ball, location: 2F
1-2: Foul Ball, location: 2F
1-2: Foul Ball, location: 2F
1-2: Ball
2-2: Ball
3-2: SINGLE (Groundball, 56D)
Jonathon García to second
Pitching: RHP Ron Burns
Batting: RHB Brian Francis 0-0: Ball
1-0: Called Strike
1-1: Ball
2-1: Reached on error, E5 (Groundball, 56)
Jonathon García to third
Larry Glover to second
Batting: LHB John Fuller 0-0: Ball
1-0: Called Strike
1-1: Foul Ball, location: 2F
1-2: Foul Ball, location: 2F
1-2: Fly out, F8 (Flyball, 8LM)
Runner from 3rd tags up, SCORES, throw made
Batting: LHB Stan Miller 0-0: Swinging Strike
0-1: Swinging Strike
0-2: Foul Ball, location: 2F
0-2: Ball
1-2: Foul Ball, location: 2F
1-2: SINGLE (Groundball, 6D)
Larry Glover to third
Brian Francis to second
Runner from 3rd tries for Home, SAFE, no throw
Batting: LHB Steven Gregory 0-0: Ball
1-0: Foul Ball, location: 2F
1-1: Ball
2-1: Fly out, F8 (Flyball, 8RM)
Bottom of the 6th over - 2 run(s), 2 hit(s), 1 error(s), 2 left on base; Iowa State 2 - North Carolina State 4
TOP OF THE 7TH
Iowa State Cyclones batting - Pitching for North Carolina State Wolfpack : RHP Simon Fox
Batting: RHB Jim Hall 0-0: Ball
1-0: Swinging Strike
1-1: Ball
2-1: Foul Ball, location: 2F
2-2: SINGLE (Line Drive, 89S)
Batting: RHB Russell Cook 0-0: Ball
1-0: Fly out, F5 (Line Drive, 56D)
Batting: RHB Paco Camacho 0-0: Called Strike
0-1: Foul Ball, location: 2F
0-2: Ball
1-2: SINGLE (Flyball, 8LS)
Jim Hall to second
Batting: RHB Pedro Rivera 0-0: Ball
1-0: Ball
2-0: Ball
3-0: Base on Balls
Jim Hall to third
Paco Camacho to second
Batting: SHB Jim Graves 0-0: Called Strike
0-1: Called Strike
0-2: Ball
1-2: Strikes out swinging
Batting: LHB Ángel Pérez 0-0: Ball
1-0: Ground out U3 (Groundball, 34S)
Top of the 7th over - 0 run(s), 2 hit(s), 0 error(s), 3 left on base; Iowa State 2 - North Carolina State 4
BOTTOM OF THE 7TH
North Carolina State Wolfpack batting - Pitching for Iowa State Cyclones : RHP Ron Burns
Batting: SHB Dave Williams 0-0: Ball
1-0: Called Strike
1-1: Called Strike
1-2: Fly out, F7 (Flyball, 7LS)
Batting: LHB Aaron Atkins 0-0: Called Strike
0-1: Ball
1-1: Foul Ball, location: 2F
1-2: Ball
2-2: Fly out, F8 (Flyball, 8RS)
Batting: RHB Jonathon García 0-0: Ball
1-0: Foul Ball, location: 2F
1-1: Fly out, F3 (Flyball, 3D)
Bottom of the 7th over - 0 run(s), 0 hit(s), 0 error(s), 0 left on base; Iowa State 2 - North Carolina State 4
TOP OF THE 8TH
Iowa State Cyclones batting - Pitching for North Carolina State Wolfpack : RHP Simon Fox
Batting: SHB Ralph Marshall 0-0: Called Strike
0-1: Ball
1-1: Ball
2-1: Ball
3-1: Base on Balls
Pitching: RHP Scott Hall
Batting: RHB Shane Marshall 0-0: Ball
1-0: Foul Ball, location: 2F
1-1: Called Strike
1-2: Ball
2-2: Fly out, F4 (Line Drive, 4)
Pitching: LHP John Harris
Batting: LHB Mike O'Bryan 0-0: Swinging Strike
0-1: Swinging Strike
0-2: Grounds into double play, 4-6-3 (Groundball, 4)
Top of the 8th over - 0 run(s), 0 hit(s), 0 error(s), 0 left on base; Iowa State 2 - North Carolina State 4
BOTTOM OF THE 8TH
North Carolina State Wolfpack batting - Pitching for Iowa State Cyclones : RHP Ron Burns
Batting: LHB Shawn Joyce 0-0: Ball
1-0: Swinging Strike
1-1: Foul Ball, location: 2F
1-2: Foul Ball, location: 2F
1-2: Foul Ball, location: 2F
1-2: Strikes out swinging
Batting: RHB Larry Glover 0-0: Swinging Strike
0-1: Ball
1-1: Swinging Strike
1-2: Ball
2-2: Foul Ball, location: 2F
2-2: Foul Ball, location: 2F
2-2: Fly out, F7 (Flyball, 7S)
Batting: RHB Brian Francis 0-0: Called Strike
0-1: Ball
1-1: Ball
2-1: Reached on error, E5 (Groundball, 56)
Batting: LHB John Fuller 0-0: Ball
1-0: Ball
2-0: Foul Ball, location: 2F
2-1: Swinging Strike
2-2: Ball
3-2: Foul Ball, location: 2F
3-2: Base on Balls
Pitching: RHP Derrek Sánchez
Batting: LHB Stan Miller 0-0: Called Strike
0-1: Foul Ball, location: 2F
0-2: Ball
1-2: Foul Ball, location: 2F
1-2: Strikes out looking
Bottom of the 8th over - 0 run(s), 0 hit(s), 1 error(s), 2 left on base; Iowa State 2 - North Carolina State 4
TOP OF THE 9TH
Iowa State Cyclones batting - Pitching for North Carolina State Wolfpack : LHP John Harris
Pitching: RHP Frank Knight
Batting: RHB Jim Hall 0-0: Ball
1-0: Called Strike
1-1: Called Strike
1-2: Foul Ball, location: 2F
1-2: Ball
2-2: Ball
3-2: Strikes out swinging
Batting: RHB Russell Cook 0-0: Ball
1-0: Foul Ball, location: 2F
1-1: Swinging Strike
1-2: Ball
2-2: SINGLE (Groundball, 34D)
Pinch Hitting: LHB Geoffrey Poole 0-0: Called Strike
0-1: Ball
1-1: Swinging Strike
1-2: Strikes out swinging
Batting: RHB Pedro Rivera 0-0: Called Strike
0-1: Foul Ball, location: 2F
0-2: Ball
1-2: Fly out, F9 (Flyball, 9S)
Top of the 9th over - 0 run(s), 1 hit(s), 0 error(s), 1 left on base; Iowa State 2 - North Carolina State 4
Tuesday, August 8th, 2017 - OOTP Baseball 17.12 Build 75